Map: 트라이튼 - 래더

Players

ZipperTheFly

  • Race: Terran Terran
  • Spawn Location: 5:00

AxImpact (Impact) - Winner!

  • Race: Zerg Zerg
  • League: Platinum
  • Spawn Location: 11:00

Event: IEM Katowice 2020

VOD

Have the link to the VOD?

Description

Time

  • Played on: Feb. 24, 2020, 9:27 a.m.
  • Length: 11:34

All games in this series

Show
View Real Time Build Order
Export as new Build Order

ZipperTheFly Terran 

Build Orders: Reaper Expand, Hellion Banshee 

Get SALT Encoding   

  12  0:00  SCV  
  13  0:12  SCV  
  14  0:16  Supply Depot  
  14  0:24  SCV  
  15  0:38  SCV  
  15  0:39  Barracks  
  16  0:43  Refinery  
  16  0:50  SCV  
  17  1:02  SCV  
  18  1:14  SCV  
  19  1:26  Orbital Command, Reaper  
  20  1:39  Command Center  
  20  1:49  Supply Depot  
  20  1:52  SCV  
  21  1:58  Marine  
  22  2:05  SCV  
  23  2:10  Factory  
  22  2:17  SCV  
  22  2:18  Refinery  
  22  2:20  Barracks Reactor  
  23  2:29  SCV  
  24  2:41  SCV  
  25  2:51  Orbital Command  
  25  2:55  SCV  
  26  3:00  Starport  
  26  3:04  Hellion  
  30  3:05  Hellion  
  30  3:08  SCV  
  31  3:16  Barracks Tech Lab  
  31  3:20  SCV  
  31  3:27  Command Center  
  31  3:30  SCV  
  31  3:32  SCV  
  33  3:42  Cloaking Field, Banshee  
  33  3:44  SCV  
  33  3:45  SCV  
  38  3:50  Supply Depot  
  38  3:52  Barracks Tech Lab  
  38  3:56  SCV  
  38  3:57  SCV  
  38  4:02  Hellion x2  
  44  4:08  SCV  
  44  4:09  SCV  
  46  4:13  Marine  
  46  4:14  Supply Depot  
  46  4:16  Stimpack  
  47  4:20  SCV  
  47  4:21  SCV  
  49  4:25  Banshee  
  49  4:30  Marine  
  53  4:35  SCV  
  53  4:36  SCV, Hellion x2  
  59  4:39  Supply Depot  
  59  4:41  Orbital Command  
  59  4:47  SCV  
  59  4:48  SCV, Marine  
  62  5:02  SCV x2  
  62  5:03  Barracks  
  62  5:07  Barracks, Engineering Bay x2  
  64  5:13  SCV  
  64  5:14  Marine  
  65  5:15  Starport Reactor  
  65  5:16  SCV  
  65  5:18  Supply Depot  
  65  5:20  SCV  
  68  5:23  Supply Depot  
  68  5:25  Siege Tank  
  68  5:26  Refinery x2  
  71  5:32  SCV  
  71  5:33  SCV  
  71  5:34  Terran Infantry Weapons Level 1  
  71  5:35  Terran Infantry Armor Level 1  
  73  5:38  Marine  
  74  5:44  SCV  
  74  5:49  SCV  
  76  5:56  Marine, SCV  
  76  5:59  Marine x2  
  76  6:01  SCV  
  66  6:09  SCV  
  66  6:10  Barracks  
  64  6:11  Marine x2  
  64  6:12  Barracks  
  64  6:13  SCV  
  64  6:14  Marine, Starport Reactor, Orbital Command  
  64  6:17  Combat Shield  
  64  6:18  Siege Tank  
  71  6:19  Marine x2  
  71  6:21  SCV  
  74  6:25  SCV  
  74  6:26  Armory  
  75  6:33  SCV, Marine x3  
  75  6:37  Marine, SCV  
  81  6:40  SCV  
  81  6:41  Marine  
  81  6:45  SCV  
  84  6:50  SCV, Missile Turret x2  
  84  6:51  Marine x3  
  84  6:53  SCV, Missile Turret  
  89  6:54  Medivac x2  
  89  6:57  SCV  
  89  6:58  Missile Turret  
  89  7:00  Barracks Reactor  
  89  7:01  Factory  
  94  7:03  Barracks Reactor  
  94  7:04  SCV  
  94  7:05  Marine x2, SCV, Refinery, Factory Reactor  
  94  7:07  Refinery  
  98  7:08  Supply Depot  
  98  7:10  Supply Depot  
  98  7:13  SCV  
  99  7:16  SCV  
  99  7:17  Marine  
  101  7:25  SCV  
  101  7:28  Medivac  
  101  7:30  SCV, Medivac  
  101  7:36  SCV  
  105  7:38  SCV  
  105  7:40  Supply Depot  
  105  7:41  Marine x2, Supply Depot  
  105  7:42  Marine x4  
  105  7:43  SCV, Marine x2  
  115  7:47  Widow Mine  
  115  7:49  Terran Infantry Weapons Level 2  
  116  7:52  Widow Mine  
  117  8:01  Supply Depot x2  
  117  8:05  SCV x3, Terran Infantry Armor Level 2  
  117  8:06  Widow Mine  
  117  8:07  Marine x3  
  117  8:08  Marine x2  
  127  8:13  Marine x4, Supply Depot  
  127  8:14  Widow Mine  
  127  8:15  Medivac x2, Widow Mine  
  127  8:18  SCV x2  
  141  8:20  Supply Depot  
  141  8:22  SCV  
  142  8:28  Marine x2  
  142  8:29  Widow Mine  
  142  8:30  SCV  
  147  8:36  Widow Mine  
  147  8:39  Marine  
  147  8:40  Marine x5  
  135  8:42  Marine  
  135  8:46  Marine x2  
  132  8:49  Widow Mine  
  131  8:57  Marine x2, Command Center  
  131  8:58  Marine x4, Medivac x2  
  139  9:04  Marine  
  139  9:05  Marine x2  
  139  9:06  Widow Mine  
  142  9:12  Barracks  
  142  9:14  Barracks  
  142  9:15  Marine x2  
  142  9:16  Barracks  
  144  9:19  Marine x3  
  144  9:21  Sensor Tower  
  147  9:26  Thor  
  147  9:27  Marine x2  
  148  9:31  Drilling Claws  
  148  9:35  Marine  
  149  9:39  Marine  
  149  9:40  Marine x2  
  149  9:44  Medivac x2  
  149  9:45  Widow Mine x2  
  160  9:52  Marine x2  
  162  10:06  Marine x2  
  154  10:13  Marine x2  
  154  10:14  Marine x3  
  146  10:15  Marauder  
  122  10:23  Marine x2  
  122  10:24  Marine  
  122  10:27  Marine x2  
  100  10:32  Marine x2  
  100  10:33  Barracks Tech Lab  
  100  10:35  Marine x2  
  95  10:36  Marauder  
  95  10:37  SCV x2  
  95  10:38  SCV  
  95  10:44  Marine  
  95  10:49  SCV x2  
  98  10:51  Marine x2  
  98  10:52  Marauder, Barracks Tech Lab x2  
  98  10:56  SCV  
  103  10:58  Marauder  
  103  11:01  Marine, SCV  
  103  11:03  Marine x3  
  100  11:05  Marine x2  
  100  11:09  Marine x2  
  100  11:10  Widow Mine x2  
  110  11:11  Widow Mine  
  110  11:13  Marauder  
  110  11:15  SCV  
Show
View Real Time Build Order
Export as new Build Order

AxImpact Zerg - Winner!

Build Orders: Pool First, Muta Ling Bane 

Get SALT Encoding   

  12  0:00  Drone  
  13  0:12  Overlord  
  13  0:18  Drone  
  14  0:31  Drone x2  
  16  0:36  Drone  
  17  0:45  Extractor  
  17  0:47  Spawning Pool  
  15  0:51  Drone  
  15  0:55  Drone  
  17  1:06  Drone  
  18  1:19  Hatchery  
  17  1:34  Zergling x2, Queen  
  17  1:38  Zergling x2  
  21  1:44  Metabolic Boost  
  21  1:52  Overlord  
  21  1:54  Drone  
  22  2:10  Queen  
  22  2:13  Drone  
  25  2:16  Drone  
  25  2:22  Drone  
  27  2:31  Queen  
  27  2:32  Drone  
  27  2:34  Drone  
  31  2:41  Drone  
  31  2:42  Drone x2  
  34  2:44  Overlord  
  34  2:51  Pneumatized Carapace  
  34  2:56  Drone  
  34  2:57  Drone  
  36  3:03  Drone x2  
  38  3:18  Drone x2  
  40  3:21  Drone  
  40  3:22  Hatchery, Drone  
  40  3:24  Drone  
  42  3:28  Overlord  
  42  3:33  Drone x2  
  44  3:46  Queen  
  44  3:47  Lair  
  46  3:49  Drone x3  
  46  3:50  Drone  
  46  3:51  Drone  
  46  3:54  Drone  
  52  3:56  Extractor, Drone  
  52  3:59  Overlord  
  52  4:01  Overlord  
  52  4:10  Baneling Nest  
  52  4:11  Zergling x2  
  52  4:15  Spore Crawler  
  51  4:20  Zergling x4  
  51  4:21  Zergling x2, Drone  
  51  4:22  Drone x2  
  51  4:23  Queen  
  59  4:28  Drone  
  59  4:30  Drone  
  59  4:31  Drone  
  62  4:34  Drone  
  62  4:37  Spore Crawler  
  62  4:38  Queen  
  62  4:40  Drone x2  
  62  4:44  Overseer  
  66  4:45  Zergling x2  
  66  4:46  Drone  
  66  4:47  Overlord  
  66  4:50  Overseer  
  68  4:53  Overlord  
  68  4:56  Drone  
  68  4:57  Extractor, Drone  
  68  4:58  Zergling x2, Extractor  
  69  5:01  Drone  
  69  5:06  Drone x3  
  73  5:08  Drone x3  
  73  5:14  Spire  
  75  5:17  Drone  
  75  5:18  Drone x2  
  75  5:20  Drone x3  
  81  5:24  Extractor  
  81  5:25  Extractor, Overseer  
  79  5:29  Zergling x4  
  79  5:31  Drone  
  79  5:32  Drone x3  
  79  5:33  Drone  
  86  5:35  Centrifical Hooks  
  86  5:38  Drone  
  86  5:39  Drone  
  86  5:41  Drone  
  89  5:46  Drone  
  89  5:47  Overlord x2  
  89  5:49  Overlord  
  86  5:59  Drone  
  86  6:01  Drone x3  
  84  6:10  Drone  
  86  6:11  Zergling x16, Evolution Chamber x2  
  91  6:23  Hatchery  
  90  6:28  Mutalisk x3  
  90  6:29  Mutalisk x2  
  90  6:32  Mutalisk x2  
  100  6:35  Zergling x2  
  100  6:37  Overlord  
  100  6:39  Zerg Ground Armor Level 1  
  105  6:41  Zerg Melee Weapons Level 1  
  105  6:44  Baneling x2  
  105  6:48  Baneling  
  105  6:49  Baneling  
  105  6:53  Overlord x2  
  105  6:54  Overlord  
  105  6:56  Zerg Flyer Weapons Level 1  
  105  6:58  Drone x4  
  109  7:03  Drone x4  
  109  7:05  Overlord  
  109  7:07  Overseer  
  109  7:08  Baneling x5  
  113  7:12  Drone  
  113  7:13  Drone x4  
  113  7:14  Zergling x2  
  113  7:15  Zergling x4  
  121  7:16  Baneling x2  
  121  7:25  Mutalisk  
  121  7:26  Mutalisk  
  121  7:28  Overlord  
  121  7:29  Mutalisk, Overlord  
  127  7:30  Zergling x2  
  127  7:31  Zergling x4  
  127  7:35  Drone  
  127  7:36  Zergling x2  
  134  7:37  Zergling x4  
  134  7:40  Mutalisk  
  134  7:42  Mutalisk  
  134  7:43  Drone  
  134  7:44  Drone x2  
  141  7:46  Overlord  
  141  7:47  Mutalisk  
  143  7:53  Zergling x4, Hatchery  
  143  7:57  Mutalisk  
  146  7:59  Mutalisk  
  146  8:04  Overlord  
  146  8:05  Overlord x2  
  148  8:08  Extractor, Drone x3  
  148  8:10  Zergling x6  
  148  8:12  Baneling x7  
  153  8:15  Overlord  
  153  8:17  Mutalisk  
  153  8:19  Zergling x4  
  159  8:20  Zergling x6  
  159  8:24  Drone  
  161  8:27  Zergling x8  
  161  8:29  Infestation Pit  
  164  8:40  Zergling x16  
  166  8:44  Zergling x2, Zerg Ground Armor Level 2  
  161  8:49  Drone  
  161  8:50  Zergling x6, Spore Crawler  
  161  8:51  Zerg Melee Weapons Level 2  
  161  8:53  Zergling x6  
  167  8:58  Zergling x6  
  167  9:00  Zergling x2  
  167  9:01  Mutalisk  
  167  9:02  Mutalisk  
  175  9:03  Zergling x4  
  175  9:06  Drone x3  
  180  9:11  Hive  
  180  9:12  Zergling x4  
  182  9:18  Spore Crawler, Drone x2  
  182  9:19  Zergling x8, Spine Crawler  
  182  9:21  Hatchery  
  185  9:29  Mutalisk x2  
  185  9:30  Zergling x10  
  192  9:34  Drone x2  
  192  9:35  Spine Crawler  
  192  9:36  Zergling x8  
  192  9:38  Baneling x7  
  197  9:41  Zergling x4  
  198  9:54  Extractor  
  198  9:55  Overlord x2  
  198  9:56  Zergling x4  
  199  10:01  Overlord x3  
  199  10:06  Mutalisk x2  
  172  10:07  Overlord  
  172  10:09  Zergling x16  
  161  10:26  Zergling x24  
  161  10:28  Mutalisk x4  
  145  10:30  Zergling x2  
  145  10:31  Zergling x2  
  145  10:34  Mutalisk x2  
  155  10:38  Zergling x4  
  155  10:42  Zergling x6  
  158  10:46  Zergling x8  
  158  10:48  Zergling x2  
  159  10:54  Zergling x12  
  166  10:57  Drone x3  
  166  11:00  Zergling x6, Ultralisk Cavern  
  166  11:03  Zergling x4  
  165  11:06  Baneling x14  
  165  11:08  Zergling x4  
  167  11:12  Zergling x4  
  167  11:13  Baneling x5  
  167  11:15  Zergling x6  

Tags
 
Add a new tag
Caveats
  • Supply blocks, unpowered buildings, or Contaminate may cause inaccurate times.
  • Supply counts are checked every 10 seconds.